 Dungeon Crawl Stone Soup version 0.28.0-43-g3370ac3207 (webtiles) character file.

Game seed: 9274575710703545012

6361 pkoi the Destroyer (level 10, -2/63 HPs)
             Began as an Octopode Conjurer on Mar 18, 2022.
             Was a Believer of Sif Muna.
             Slain by a freezing wraith (4 damage)
             ... on level 9 of the Dungeon.
             The game lasted 00:20:26 (18223 turns).

pkoi the Destroyer (Octopode Conjurer)             Turns: 18223, Time: 00:20:27

Health: -2/63      AC:  1    Str:  4    XL:     10   Next: 96%
Magic:  5/18       EV: 13    Int: 31    God:    Sif Muna [**....]
Gold:   343        SH:  0    Dex:  7    Spells: 4/20 levels left

rFire   . . .      SeeInvis +   x - +4 flail
rCold   . . .      Faith    .   (no shield)
rNeg    . . .      Spirit   .   (helmet restricted)
rPois   +          Reflect  .   (no amulet)
rElec   +          Harm     .   d - ring of the Baking Coward {Will+ rCorr Str-2 Int+2 Slay+5}
rCorr   +          Rampage  .   f - ring "Suunecs" {rElec rCorr Int+4 Dex-4}
Will    +....                   i - ring of see invisible
Stlth   +++.......              u - ring of poison resistance
HPRegen 0.20/turn               (no ring)
MPRegen 0.16/turn               (no ring)
                                (no ring)
                                (no ring)

@: about to teleport, studying Maces & Flails
A: almost no armour, amphibious, 8 rings, camouflage 1, gelatinous body 1,
(nimble swimmer 1), tentacles
a: Renounce Religion, Channel Magic


You were on level 9 of the Dungeon.
You worshipped Sif Muna.
Sif Muna was pleased with you.
You visited 2 branches of the dungeon, and saw 11 of its levels.

You collected 1252 gold pieces.
You spent 909 gold pieces at shops.

Inventory:

Hand Weapons
 a - a +0 club
 b - a +0 whip
 c - a +4 dagger of draining
 x - a +4 flail (weapon)
Missiles
 v - a curare-tipped dart
 y - a throwing net
Jewellery
 d - the ring of the Baking Coward (left tentacle) {Will+ rCorr Str-2 Int+2 Slay+5}
   (You bought it in a shop on level 2 of the Dungeon)

   [ring of resist corrosion]

   Str:       It affects your strength (-2).
   Int:       It affects your intelligence (+2).
   Slay:      It affects your accuracy & damage with ranged weapons and melee
   (+5).
   rCorr:     It protects you from acid and corrosion.
   Will:      It increases your willpower.
 f - the ring "Suunecs" (right tentacle) {rElec rCorr Int+4 Dex-4}
   (You bought it in a shop on level 2 of the Dungeon)

   [ring of resist corrosion]

   Int:       It affects your intelligence (+4).
   Dex:       It affects your dexterity (-4).
   rElec:     It insulates you from electricity.
   rCorr:     It protects you from acid and corrosion.
 i - a ring of see invisible (on tentacle)
 u - a ring of poison resistance (on tentacle)
Wands
 q - a wand of flame (4)
 w - a wand of paralysis (4)
Scrolls
 m - 3 scrolls of teleportation
 r - 2 scrolls of amnesia
 s - 3 scrolls of identify
 t - 2 scrolls of silence
Potions
 g - 2 potions of might {unknown}
 h - 2 potions of curing
 j - 2 potions of magic
 k - a potion of brilliance
 l - a potion of mutation {unknown}
 n - a potion of attraction {unknown}
 o - a potion of degeneration {unknown}
 p - a potion of flight {unknown}


   Skills:
 - Level 4.0 Fighting
 + Level 1.9 Maces & Flails
 + Level 5.4 Dodging
 - Level 2.6 Stealth
 + Level 5.8 Spellcasting
 + Level 9.2 Conjurations
 + Level 4.6 Hexes
 + Level 3.1 Necromancy
 + Level 6.4 Translocations
 + Level 3.2 Earth Magic
 + Level 5.0 Invocations


You had 4 spell levels left.
You knew the following spells:

 Your Spells              Type           Power      Damage    Failure   Level
a - Magic Dart            Conj           100%       1d8       1%          1
b - Searing Ray           Conj           100%       2d8       1%          2
c - Iskenderun's Mystic   Conj/Tloc      55%        2d12      1%          4
d - Fulminant Prism       Conj/Hex       25%        3d14      2%          4
e - Borgnjor's Vile Clut  Necr/Erth      14%        N/A       36%         5

Your spell library contained the following spells:

 Spells                   Type           Power      Damage    Failure   Level
 Dazzling Flash           Conj/Hex       100%       N/A       1%          3
 Animate Dead             Necr           14%        N/A       14%         4
 Lee's Rapid Deconstruct  Erth           14%        3d10*     36%         5
 Death Channel            Necr           14%        N/A       91%         6


Dungeon Overview and Level Annotations

Branches:
Dungeon (10/15)            Temple (1/1) D:5
   Lair: D:8-11         Orc: D:9-12

Altars:
Ashenzari
Cheibriados
Dithmenos
Elyvilon
Fedhas
Gozag
Hepliaklqana
Kikubaaqudgha
Makhleb
Nemelex Xobeh
Okawaru
Qazlal
Ru
Sif Muna
Trog
Uskayaw
Vehumet
Wu Jian
Xom
Yredelemnul
Zin
The Shining One

Shops:
D:2 =   D:7 =   D:8 *


Innate Abilities, Weirdness & Mutations

You cannot wear most types of armour.
You are amphibious.
You can wear up to eight rings at the same time.
Your skin changes colour to match your surroundings (Stealth+).
Your rubbery body absorbs attacks. (AC +1, EV +1)
((You are camouflaged when in or above water. (Stealth+)))
You have tentacles for arms and can constrict up to eight enemies at once.


Message History

Okay, then.
Okay, then.
Aiming: Paralyse
Press: ? - help, Shift-Dir - straight line, f - freezing wraith
Aim: a freezing wraith (heavily damaged, chance to affect: 31%)
The freezing wraith easily resists.
The freezing wraith barely misses you. The freezing wraith closely misses you.
Unknown command.
Aiming: Paralyse
Press: ? - help, Shift-Dir - straight line, f/p - freezing wraith
Aim: a freezing wraith (heavily damaged, chance to affect: 31%)
The freezing wraith easily resists.
A vampire comes into view.
The freezing wraith hits you. The freezing wraith freezes you!
* * * LOW HITPOINT WARNING * * *
The freezing wraith misses you. The freezing wraith hits you.
* * * LOW HITPOINT WARNING * * *
The freezing wraith freezes you!
* * * LOW HITPOINT WARNING * * *
The freezing wraith completely misses you.
The vampire throws a stone.
The stone hits you!
* * * LOW HITPOINT WARNING * * *
The freezing wraith misses you. x2; The vampire throws a stone.
The stone hits you.
* * * LOW HITPOINT WARNING * * *
The vampire mumbles some strange words.
The vampire flickers and vanishes for a moment.
Blink to where?
Press: ? - help, Dir - move target, p - freezing wraith
As you read the scroll of blinking, it crumbles to dust.
You feel yourself speed up. The freezing wraith barely misses you.
The freezing wraith hits you!
* * * LOW HITPOINT WARNING * * *
You climb upwards.
There is a stone staircase leading down here.
Okay, then.
Unknown command.
As you read the scroll of teleportation, it crumbles to dust.
You feel strangely unstable. The freezing wraith hits you.
You die...

###### #####....####
##...........###
##..............##
##................###
#...................#
#
#...................#
#
#............@......#
#
#.............W....##
#
##................##
# ##.............###
## ##...........##
### .# ###.......###
###.# .#### ##...####
###...# ### ....###
##[### ###.....# #.#
..[...###..#
##.......## #.#


You could see a freezing wraith.

Vanquished Creatures
  Erolcha (D:9)
  A deep elf zephyrmancer (D:8)
  Maurice (D:9)
  A troll (D:9)
  2 hornets
  Grinder (D:6)
  A wyvern (D:7)
  A basilisk (D:7)
  An acid dragon (D:9)
  4 black bears
  4 orc warriors
  An ice beast (D:5)
  2 centaurs
  2 ogres
  2 phantoms
  2 kobold brigands
  2 bullfrogs
  4 scorpions
  A water moccasin zombie (D:5)
  A water moccasin skeleton (D:6)
  6 killer bees (D:9)
  10 wights
  2 electric eels (D:6)
  4 jellies
  A bullfrog zombie (D:5)
  A centaur zombie (D:9)
  4 hounds
  2 gnoll shamans
  6 orc priests
  A bullfrog skeleton (D:4)
  A centaur skeleton (D:6)
  2 iguanas
  6 orc wizards
  Natasha (thrice) (D:2)
  A howler monkey zombie (D:5)
  6 adders
  9 gnolls
  An ufetubus (D:6)
  3 worms
  4 dart slugs
  17 orcs
  6 bats
  8 endoplasms
  2 giant cockroaches
  8 goblins
  8 hobgoblins
  3 jackals (D:3)
  7 quokkas
  11 ball pythons
  4 frilled lizards
  13 kobolds
  10 rats
205 creatures vanquished.

Vanquished Creatures (others)
  38 fulminant prisms
  3 fungi (D:7)
  9 plants
50 creatures vanquished.

Grand Total: 255 creatures vanquished

Notes
Turn   | Place    | Note
-------+----------+-------------------------------------------
     0 | D:1      | pkoi the Octopode Conjurer began the quest for the Orb.
     0 | D:1      | Reached XP level 1. HP: 11/11 MP: 3/3
   640 | D:1      | Reached XP level 2. HP: 12/17 MP: 0/5
   750 | D:1      | Learned a level 2 spell: Searing Ray
  1210 | D:1      | Identified a scroll of acquirement
  1298 | D:1      | Reached XP level 3. HP: 21/21 MP: 4/6
  1357 | D:1      | Reached skill level 5 in Conjurations
  1409 | D:1      | Found a faded altar of an unknown god.
  2404 | D:2      | Noticed Natasha
  2408 | D:2      | Killed Natasha
  2409 | D:2      | Reached XP level 4. HP: 27/27 MP: 2/7
  2598 | D:2      | Noticed an ogre
  2899 | D:2      | Found Raprel's One-of-a-Kind Rings.
  2904 | D:2      | Acquired 856 gold pieces
  2906 | D:2      | Noticed Natasha
  2911 | D:2      | Killed Natasha
  2912 | D:2      | Reached skill level 6 in Conjurations
  2912 | D:2      | Reached XP level 5. HP: 31/31 MP: 2/8
  2973 | D:2      | Bought the ring of the Baking Coward {Will+ rCorr Str-2
                  | Int+2 Slay+5} for 536 gold pieces
  3002 | D:2      | Learned a level 4 spell: Iskenderun's Mystic Blast
  3014 | D:2      | Bought the ring "Suunecs" {rElec rCorr Int+4 Dex-4} for 340
                  | gold pieces
  3251 | D:2      | Noticed Natasha
  3370 | D:2      | Killed Natasha
  3996 | D:3      | Reached skill level 1 in Translocations
  4589 | D:3      | Found a large runed translucent door.
  4589 | D:3      | Found a large runed translucent door.
  4766 | D:3      | Found a shimmering altar of Xom.
  4788 | D:3      | Found a shimmering blue altar of Sif Muna.
  4816 | D:3      | Became a worshipper of Sif Muna the Loreminder
  4883 | D:2      | Killed an ogre
  4884 | D:2      | Reached skill level 1 in Invocations
  4884 | D:2      | Reached XP level 6. HP: 36/36 MP: 3/9
  5682 | D:4      | Reached XP level 7. HP: 19/41 MP: 5/11
  6042 | D:4      | Reached skill level 7 in Conjurations
  6833 | D:4      | Found a burning altar of Makhleb.
  6989 | D:4      | Reached * piety under Sif Muna
  7267 | D:5      | Entered Level 5 of the Dungeon
  7343 | D:5      | Found a staircase to the Ecumenical Temple.
  7352 | Temple   | Entered the Ecumenical Temple
  7564 | D:5      | Reached XP level 8. HP: 33/46 MP: 8/14
  7655 | D:5      | Learned a level 4 spell: Fulminant Prism
  8338 | D:5      | Reached skill level 1 in Hexes
  9109 | D:5      | Reached skill level 8 in Conjurations
  9739 | D:6      | Noticed Grinder
  9956 | D:6      | Killed Grinder
  9957 | D:6      | Reached skill level 1 in Fighting
 10004 | D:6      | Reached skill level 5 in Translocations
 10032 | D:5      | Reached XP level 9. HP: 24/53 MP: 0/16
 11153 | D:6      | Identified the +4 mace of Psychosis {antimagic, rElec}
 11177 | D:6      | Reached ** piety under Sif Muna
 12317 | D:7      | Noticed a hornet
 12328 | D:7      | Killed a hornet
 12608 | D:7      | Reached skill level 5 in Spellcasting
 12879 | D:7      | Learned a level 5 spell: Borgnjor's Vile Clutch
 12961 | D:7      | Reached XP level 10. HP: 63/63 MP: 8/17
 13119 | D:7      | Found Tekhuit's Jewellery Emporium.
 13438 | D:7      | Found a glowing silver altar of Zin.
 13477 | D:8      | Reached skill level 9 in Conjurations
 13774 | D:8      | Found Enyhunyp's General Store.
 13780 | D:8      | Bought a potion of curing for 33 gold pieces
 13839 | D:8      | Reached skill level 1 in Necromancy
 13839 | D:8      | Reached skill level 1 in Earth Magic
 14734 | D:8      | Noticed a deep elf zephyrmancer
 14741 | D:8      | Killed a deep elf zephyrmancer
 16055 | D:9      | Reached skill level 5 in Dodging
 16128 | D:9      | Noticed Maurice
 16135 | D:9      | Killed Maurice
 17035 | D:9      | Noticed Erolcha
 17043 | D:9      | Killed Erolcha
 17044 | D:9      | Reached skill level 1 in Maces & Flails
 17706 | D:9      | Reached skill level 5 in Invocations
 18199 | D:10     | Entered Level 10 of the Dungeon
 18220 | D:10     | HP: 1/63 [freezing wraith (13)]
 18223 | D:9      | Slain by a freezing wraith

Illustrated notes

Levels and vault maps discovered:
D:1:      evilmike_arrival_rings, layout_loops_corners, serial_rivers,
          chequers_serial_rivers_small_a, chequers_serial_rivers_small_3,
          chequers_serial_rivers_micro_d, chequers_serial_rivers_large_a,
          chequers_serial_rivers_micro_e, shapermc_ecumenical_altar_gd,
          grunt_decor_clamped, minmay_small_reverse_x
D:2:      layout_basic, nicolae_shop_unique_rings, kennysheep_generic_room_10,
          uniq_natasha
D:3:      layout_rooms, jmf_multi_god_temple2, kennysheep_potato
D:4:      layout_gridville, old_standard_altar
D:5:      layout_basic, minmay_temple_entry_junction_2
D:6:      layout_cave_pools, portal_sewer_entry_a, grunt_ministairs_15,
          serial_bayou_lagoon_b, uniq_grinder
D:7:      layout_basic, kennysheep_mini_moat, serial_shops,
          nicolae_shop_crystal, serial_rivers, chequers_serial_rivers_micro_e,
          chequers_serial_rivers_micro_a, chequers_serial_rivers_micro_d,
          chequers_serial_rivers_micro_b, chequers_serial_rivers_marsh,
          chequers_serial_rivers_large_b, minmay_misc_feat_ornament,
          water_boxes_lemuel
D:8:      layout_gridville, serial_shops, nicolae_shop_hallway_plus,
          guppyfry_early_elven_hall
D:9:      layout_cave_pods, uniq_erolcha, uniq_maurice
D:10:     layout_rooms, kennysheep_orc_monster_closet_entryway, uniq_fannar
Temple:   compressed_dpeg_circular_temple

Skill      XL: |  1  2  3  4  5  6  7  8  9 10 |
---------------+-------------------------------+-----
Conjurations   | 5 6 7 8 9 |  9.2
Translocations | 1 2 4 5 6 |  6.4
Invocations    | 1 2 3 5 |  5.0
Spellcasting   | 3 4 5 |  5.8
Hexes          | 2 4 |  4.6
Fighting       | 1 3 4 |  4.0
Dodging        | 4 5 |  5.4
Necromancy     | 3 |  3.1
Earth Magic    | 3 |  3.2
Maces & Flails | 1 |  1.9
Stealth        | |  2.6

Action                   |  1- 3 |  4- 6 |  7- 9 | 10-12 || total
-------------------------+-------+-------+-------+-------++-------
Melee: Unarmed           |     8 |       |       |       ||     8
       Constrict         |     2 |     1 |     4 |     5 ||    12
       Tentacles         |     2 |     1 |     5 |    11 ||    19
       Whip              |     2 |     3 |     4 |       ||     9
       Dagger            |       |       |    14 |    16 ||    30
       Flail             |       |       |       |     8 ||     8
 Cast: Magic Dart        |    59 |   105 |   183 |    46 ||   393
       Searing Ray       |       |     4 |     7 |       ||    11
       Iskenderun's Myst |       |       |    37 |    26 ||    63
       Fulminant Prism   |       |       |    10 |    28 ||    38
Evoke: Wand              |       |       |       |     2 ||     2
  Use: Scroll            |     2 |     4 |     8 |     3 ||    17
Armor: Skin              |     1 |     1 |     2 |     1 ||     5
Dodge: Dodged            |     9 |     4 |    32 |    22 ||    67
